 Dungeon Crawl Stone Soup version 0.21-a0-444-g29a2fec (webtiles) character file.

270 vineage the Slasher (level 6, -12/32 HPs)
             Began as a Vine Stalker Fighter on Nov 17, 2017.
             Mangled by an ogre
             ... wielding a +0 giant club
              (16 damage)
             ... on level 3 of the Dungeon.
             The game lasted 00:02:03 (1342 turns).

vineage the Slasher (Vine Stalker Fighter)          Turns: 1342, Time: 00:02:04

Health: -12/32     AC:  6    Str: 19    XL:     6   Next: 22%
Magic:  0/7        EV:  7    Int:  8    God:
Gold:   109        SH:  9    Dex: 15    Spells: 5/5 levels left

rFire    . . .     SeeInvis .   a - +0 long sword
rCold    . . .     Gourm    .   c - +0 shield
rNeg     . . .     Faith    .   b - +0 scale mail
rPois    .         Spirit   +   (no helmet)
rElec    .         Reflect  .   (no cloak)
rCorr    .         Harm     .   (no gloves)
MR       .....                  (no boots)
Stlth    ..........             (no amulet)
HPRegen  0.50/turn              (no ring)
MPRegen  0.10/turn              (no ring)

@: lethally poisoned (-12 -> -12)
A: fangs 2, regeneration 1, magic shield, antimagic bite, no potion heal 3, rot
immunity
a: no special abilities


You were on level 3 of the Dungeon.
You were near starving.

You visited 1 branch of the dungeon, and saw 3 of its levels.

You collected 109 gold pieces.

Inventory:

Hand Weapons
 a - a +0 long sword (weapon)
Armour
 b - a +0 scale mail (worn)
 c - a +0 shield (worn)
Scrolls
 e - 3 scrolls of identify {unknown}
 h - a scroll of fear {unknown}
 i - a scroll of magic mapping {unknown}
 k - 3 scrolls of remove curse {unknown}
 l - a scroll of teleportation {unknown}
 m - a scroll of immolation {unknown}
 o - a scroll of enchant weapon {unknown}
 q - a scroll of blinking {unknown}
Potions
 d - a potion of cancellation {unknown}
 g - a potion of lignification {unknown}
 j - a potion of haste {unknown}
 n - a potion of heal wounds {unknown}
 p - a potion of curing {unknown}
Comestibles
 f - a bread ration


   Skills:
 - Level 2.6 Fighting
 + Level 5.8 Long Blades
 - Level 2.4 Armour
 - Level 2.6 Shields


You had 5 spell levels left.
You didn't know any spells.

Dungeon Overview and Level Annotations

Branches:
Dungeon (3/15)

Altars:

Annotations:
D:3 1 runed door


Innate Abilities, Weirdness & Mutations

You have extremely sharp teeth.
Your natural rate of healing is unusually fast.
When hurt, damage is shared between your health and your magic reserves.
Your bite disrupts and absorbs the magic of your enemies.
Potions cannot restore your health.
You are immune to rotting.


Message History

You are too injured to fight recklessly!
You are too injured to fight recklessly!
You are too injured to fight recklessly!
You are too injured to fight recklessly!
Unknown command.
You hit the ogre but do no damage. You bite the ogre. You drain its power.
You feel invigorated.
The ogre is severely wounded.
The ogre barely misses you.
You riposte.
You closely miss the ogre.
The ogre is severely wounded.
You are near starving!
You hit the ogre. Your bite misses the ogre.
The ogre is almost dead.
You feel sick. The ogre hits you with a giant club!
* * * LOW HITPOINT WARNING * * *
You hit the ogre. Your bite misses the ogre.
The ogre is almost dead.
The ogre hits you with a giant club!
Ouch! That really hurt!
You die...

#
♣♣♣.♣.P..##.....>.#.###
# ♣♣♣♣♣####............
# #.........#.### .
###.#####.#.# . #.#
#.#.# # #.# #.#.# #.#
#.#.# ### .#
#######.#####.#.#
#.##.#
#.@..........†..#
.#...###
#O#####.#####(####
....... ... #.# #....#
.....# ..... ..# ####.#
.....# ###### #### #.#
.....# #.# ....># #.#
.....# #.# #.####
####### #.#


You could see an ogre.

Vanquished Creatures
  Sigmund (D:2)
  A hound (D:3)
  2 adders (D:3)
  A shadow imp (D:3)
  A worm (D:2)
  2 dart slugs
  4 giant cockroaches (D:1)
  3 goblins
  4 hobgoblins
  A quokka (D:3)
  6 bats
  4 frilled lizards
  5 kobolds
  4 rats
39 creatures vanquished.

Notes
Turn   | Place    | Note
-------+----------+-------------------------------------------
     0 | D:1      | vineage the Vine Stalker Fighter began the quest for the Orb.
     0 | D:1      | Reached XP level 1. HP: 11/11 MP: 2/2
    27 | D:1      | Reached skill level 2 in Long Blades
   128 | D:1      | Reached XP level 2. HP: 14/16 MP: 3/3
   547 | D:2      | Reached skill level 3 in Long Blades
   580 | D:2      | Reached XP level 3. HP: 19/19 MP: 4/4
   820 | D:2      | Noticed Sigmund
   839 | D:2      | Killed Sigmund
   839 | D:2      | Reached skill level 5 in Long Blades
   839 | D:2      | Gained mutation: Your natural rate of healing is unusually fast. [Vine Stalker growth]
   839 | D:2      | Reached XP level 4. HP: 11/23 MP: 3/5
   839 | D:2      | Reached XP level 5. HP: 13/27 MP: 3/6
  1025 | D:3      | Reached XP level 6. HP: 27/32 MP: 7/7
  1207 | D:3      | Found a runed door.
  1342 | D:3      | Mangled by an ogre

Vault maps used:
D:1:      minmay_arrival_five_plusses
D:2:      kennysheep_generic_room_15, uniq_sigmund
D:3:      uniq_crazy_yiuf_cottage

Skill      XL: |  1  2  3 |
---------------+----------+-----
Long Blades    | 2 3 5 |  5.8
Fighting       | |  2.6
Armour         | |  2.4
Shields        | |  2.6

Action                   |  1- 3 |  4- 6 || total
-------------------------+-------+-------++-------
Melee: Long sword        |    60 |    47 ||   107
       Bite              |    14 |    13 ||    27
  Use: Potion            |     1 |       ||     1
Armor: Scale mail        |    17 |    14 ||    31
Dodge: Dodged            |    16 |    17 ||    33
Block: Shield            |    38 |    22 ||    60
       Rpst.: Long sword |     6 |     7 ||    13

Table legend:
 A = Spawn XP
 B = Non-spawn XP
 C = Spawn XP percentage of total XP
 D = Spawn monster count
 E = Non-spawn monster count
 F = Spawn count percentage of total count
 G = Total turns spent on level
                    A         B        C        D         E        F      G
               +---------+---------+-------+---------+---------+-------+---------
         Total |       0 |     386 |   0.0 |       0 |      39 |   0.0 |  1342
               +---------+---------+-------+---------+---------+-------+---------
           D:1 |       0 |      28 |   0.0 |       0 |      17 |   0.0 |   480
           D:2 |       0 |     258 |   0.0 |       0 |       8 |   0.0 |   514
           D:3 |       0 |     100 |   0.0 |       0 |      14 |   0.0 |   348
               +---------+---------+-------+---------+---------+-------+---------
